 Dungeon Crawl Stone Soup version 0.19-a0-1097-g38e3b35 (webtiles) character file.

376 Ijustatesigmund the Cudgeler (level 6, -9/50 HPs)
             Began as a Demonspawn Fighter on Aug 8, 2016.
             Killed by divine providence
             ... invoked by an orc priest
              (20 damage)
             ... on level 5 of the Dungeon.
             The game lasted 00:10:14 (3700 turns).

Ijustatesigmund the Cudgeler (Demonspawn Fighter)   Turns: 3700, Time: 00:10:15

Health: -9/50      AC: 11    Str: 27    XL:     6   Next: 44%
Magic:  6/6        EV:  7    Int:  9    God:
Gold:   263        SH: 10    Dex: 15    Spells: 0 memorised, 5 levels left

rFire  . . .     SeeInvis .     a - +1 flail
rCold  . . .     Gourm    .     b - +0 scale mail
rNeg   . . .     Faith    .     c - +0 shield
rPois  .         Spirit   .     (no helmet)
rElec  .         Dismiss  .     (no cloak)
rCorr  .         Reflect  .     (no gloves)
SustAt .         Harm     +     r - +1 pair of boots
MR     .....                    u - amulet of harm
Stlth  ..........               j - ring of flight
                                i - +6 ring of strength

@: mighty
A: talons 1, thin metallic scales 2, powered by death 1
a: Evoke Flight


You were on level 5 of the Dungeon.
You were not hungry.

You visited 1 branch of the dungeon, and saw 5 of its levels.
You also visited: Sewer.

You collected 263 gold pieces.

Inventory:

Hand Weapons
 a - a +1 flail (weapon)
Missiles
 e - 5 javelins (quivered)
Armour
 b - a +0 scale mail (worn)
 c - a +0 shield (worn)
 r - a +1 pair of boots (worn)
Jewellery
 i - a +6 ring of strength (left hand)
 j - a ring of flight (right hand)
 u - an amulet of harm (around neck)
Wands
 m - a wand of slowing (37/48)
Scrolls
 p - a scroll of remove curse
 t - 2 scrolls of amnesia
 w - a scroll of enchant armour
Potions
 g - a potion of cure mutation
 h - 3 potions of magic
 k - 5 potions of curing
 n - a potion of degeneration {unknown}
 o - 2 potions of haste
 v - 2 potions of lignification {unknown}
 x - a potion of agility {unknown}
 A - a potion of flight {unknown}
Comestibles
 f - a bread ration
 s - 3 meat rations
 z - a royal jelly


   Skills:
 + Level 4.8 Fighting
 * Level 5.3 Maces & Flails
 - Level 2.6 Armour
 - Level 2.6 Shields


You had 5 spell levels left.
You didn't know any spells.

Dungeon Overview and Level Annotations

Branches:
Dungeon (5/15)
 Temple: D:4-7

Altars:
Fedhas
Gozag
Okawaru
Vehumet
Zin


Innate Abilities, Weirdness & Mutations

You have sharp toenails.
You are mostly covered in thin metallic scales. (AC +3)
You regenerate a little health from kills.


Message History

You closely miss the orc warrior. You block the orc warrior's attack.
The orc priest mumbles some strange prayers to Beogh against you.
Beogh smites you!
You closely miss the orc warrior. You block the orc warrior's attack.
You barely miss the orc warrior.
The orc warrior hits you with a long sword.
You barely miss the orc warrior.
The orc warrior hits you with a long sword!
You closely miss the orc warrior. You block the orc warrior's attack.
You closely miss the orc warrior. You block the orc warrior's attack.
You feel much better.
The orc warrior hits you with a long sword!
You feel very mighty all of a sudden. You block the orc warrior's attack.
You completely miss the orc warrior.
The orc warrior hits you with a long sword!!
* * * LOW HITPOINT WARNING * * *
The orc priest mumbles some strange prayers to Beogh against you.
Beogh smites you!
You die...

......# #.#...#.#............####
......###.#.<.#.##########...####
.........................'...>...
......###.....############...####
......# #.....#### ##### ......#
#........# ......# ##.#####.#
......# #.# #.# ......# #.# #@#
......# #.# #o# ......# #.#


#oo ......# #.# #o.. ......# #.# #.... ###### ......# #.# #..... #..... .....(#
#...... #.#### ##....... ........ #.# #...#### ##.#### You could see an orc
warrior, an orc priest and 2 orcs.

Vanquished Creatures
  A scorpion (D:5)
  A giant frog skeleton (D:4)
  Jessica (D:2)
  Natasha (thrice) (D:3)
  An orc wizard (D:5)
  A worker ant (D:4)
  5 adders
  A river rat (D:3)
  A shadow imp (D:5)
  An adder zombie (D:5)
  2 worms
  2 giant geckos
  5 ball pythons
  3 giant cockroaches
  13 goblins
  5 hobgoblins
  12 jackals
  A quokka (D:5)
  6 bats
  5 giant newts
  9 kobolds
  9 rats
  3 plants (Sewer)
91 creatures vanquished.

Vanquished Creatures (others)
  A plant (Sewer)
1 creature vanquished.

Grand Total: 92 creatures vanquished

Notes
Turn   | Place    | Note
-------+----------+-------------------------------------------
     0 | D:1      | Ijustatesigmund the Demonspawn Fighter began the quest for the Orb.
     0 | D:1      | Reached XP level 1. HP: 18/18 MP: 1/1
   232 | D:1      | Reached skill level 2 in Maces & Flails
   277 | D:1      | Gained mutation: You are partially covered in thin metallic scales. (AC +2) [demonic ancestry]
   277 | D:1      | Reached XP level 2. HP: 20/24 MP: 2/2
   887 | D:1      | Gained mutation: You are mostly covered in thin metallic scales. (AC +3) [demonic ancestry]
   887 | D:1      | Reached XP level 3. HP: 29/29 MP: 3/3
  1040 | D:2      | Noticed Jessica
  1051 | D:2      | Killed Jessica
  1051 | D:2      | Reached skill level 3 in Maces & Flails
  1219 | D:2      | Found a radiant altar of Vehumet.
  1507 | D:3      | Gained mutation: You have sharp toenails. [demonic ancestry]
  1507 | D:3      | Reached XP level 4. HP: 37/37 MP: 4/4
  1605 | D:3      | Noticed Natasha
  1615 | D:3      | Killed Natasha
  1623 | D:3      | Noticed Natasha
  1638 | D:3      | Killed Natasha
  1713 | D:3      | Reached skill level 4 in Maces & Flails
  1765 | D:3      | Noticed Natasha
  1770 | D:3      | Killed Natasha
  1770 | D:3      | Reached XP level 5. HP: 28/42 MP: 5/5
  1823 | D:3      | Found a glowing drain.
  1830 | Sewer    | Entered a sewer
  2760 | D:3      | Found an opulent altar of Gozag.
  2813 | D:4      | Got a jewelled rapier
  2814 | D:4      | Identified the +5 rapier of Starshine {venom, Fragile rElec rC+ SInv} (You found it on level 4 of the Dungeon)
  2848 | D:4      | Got a polished trident
  2849 | D:4      | Identified the +5 trident of Pakellas's Generosity {pain, Int+6} (You found it on level 4 of the Dungeon)
  3011 | D:4      | Gained mutation: You regenerate a little health from kills. [demonic ancestry]
  3011 | D:4      | Reached XP level 6. HP: 42/49 MP: 6/6
  3040 | D:4      | Found a glowing silver altar of Zin.
  3155 | D:4      | Found a blossoming altar of Fedhas.
  3362 | D:5      | Entered Level 5 of the Dungeon
  3363 | D:5      | Found an iron altar of Okawaru.
  3396 | D:5      | Reached skill level 5 in Maces & Flails
  3683 | D:5      | Noticed an orc warrior
  3700 | D:5      | Killed from afar by an orc priest

Vault maps used:
D:1:      sevenhm_arrival_forest_fort_small_3, nrook_mini_vaults,
          minmay_misc_feat_iff, minmay_misc_feat_hallway
D:2:      lemuel_round_altar, uniq_jessica
D:3:      lemuel_coloured_pillars_altar, portal_sewer_entry_e,
          kennysheep_generic_room_4, uniq_natasha
D:4:      nicolae_overflow_crystal_walls, lemuel_round_altar
D:5:      lemuel_crystal_altar, kennysheep_mini_moat, first_bread,
          grunt_pakellas_mercury
Sewer:    sewer_co_scattered_pipes

Skill      XL: |  1  2  3  4  5  6 |
---------------+-------------------+-----
Maces & Flails | 2 3 4 5 |  5.3
Fighting       | 4 |  4.8
Armour         | |  2.6
Shields        | |  2.6

Action                   |  1- 3 |  4- 6 || total
-------------------------+-------+-------++-------
Melee: Flail             |   105 |   320 ||   425
  Use: Scroll            |    10 |     5 ||    15
       Potion            |       |     2 ||     2
  Eat: Chunk             |     2 |     4 ||     6
       Fruit             |       |     3 ||     3
       Beef jerky        |       |     1 ||     1
Armor: Scale mail        |    63 |   167 ||   230
Dodge: Dodged            |    33 |   113 ||   146
Block: Shield            |    57 |   190 ||   247
